 Dungeon Crawl Stone Soup version 0.28-a0-674-gdaf460b524 (webtiles) character file.

Game seed: 6902316893515364247

7 jasper the Sneak (level 1, -2/9 HPs)
             Began as a Spriggan Enchanter on Oct 17, 2021.
             Slain by a quokka (5 damage)
             ... on level 1 of the Dungeon.
             The game lasted 00:00:38 (167 turns).

jasper the Sneak (Spriggan Enchanter)                Turns: 167, Time: 00:00:39

Health: -2/9       AC:  2    Str:  4    XL:     1   Next: 83%
Magic:  5/5        EV: 17    Int: 16    God:
Gold:   0          SH:  0    Dex: 15    Spells: 5/5 levels left

rFire   . . .      SeeInvis +   a - +1 dagger
rCold   . . .      Faith    .   (shield restricted)
rNeg    . . .      Spirit   .   b - +0 robe
rPois   .          Reflect  .   (helmet restricted)
rElec   .          Harm     .   (no cloak)
rCorr   .          Rampage  .   (gloves unavailable)
Will    .....                   (boots unavailable)
Stlth   +++.......              (no amulet)
HPRegen 0.03/turn               (no ring)
MPRegen 0.09/turn               (no ring)

@: very quick
A: very small, no large weapons, unfitting armour, see invisible, speed 3
a: no special abilities


You were on level 1 of the Dungeon.
You visited 1 branch of the dungeon, and saw 1 of its levels.

Inventory:

Hand Weapons
 a - a +1 dagger (weapon)
Missiles
 e - 20 stones (quivered)
Armour
 b - a +0 robe (worn)
Potions
 c - a potion of invisibility
 d - a potion of resistance {unknown}


   Skills:
 + Level 1.4 Short Blades
 - Level 2.6 Dodging
 + Level 4.7 Stealth
 - Level 2.6 Spellcasting
 + Level 3.8 Hexes


You had 5 spell levels left.
You didn't know any spells.
Your spell library contained the following spells:

 Spells                   Type           Power      Damage    Failure   Level
 Confusing Touch          Hex            14%        N/A       12%         3
 Tukima's Dance           Hex            14%        N/A       12%         3
 Ensorcelled Hibernation  Hex/Ice        16%        N/A       13%         2
 Dazzling Flash           Conj/Hex       16%        N/A       26%         3


Dungeon Overview and Level Annotations

Branches:
Dungeon (1/15)

Altars:


Innate Abilities, Weirdness & Mutations

You are very small and have problems with some larger weapons.
You are too small for most types of armour.
You have supernaturally acute eyesight. (SInv)
You cover ground extremely quickly. (Speed+++)


Message History

A goblin is nearby!
The goblin shouts!
You completely miss the goblin.
A bat comes into view.
The goblin closely misses you.
You closely miss the goblin. The goblin closely misses you.
You hit the goblin.
The goblin is heavily wounded.
A quokka comes into view.
The goblin barely misses you.
You hit the goblin but do no damage.
The goblin is heavily wounded.
The bat hits you but does no damage. The goblin misses you.
You barely miss the goblin.
The goblin is heavily wounded.
The bat closely misses you. The goblin hits you with a +0 club.
You take 4 damage, and have 5/9 hp.
MASSIVE DAMAGE!!
You hit the goblin.
You kill the goblin!
The bat barely misses you. The bat barely misses you. The bat hits you.
You take 1 damage, and have 4/9 hp.
A bat comes into view.
The bat misses you.
You hit the bat but do no damage. The bat closely misses you.
You swing at nothing.
The bat barely misses you.
You closely miss the bat. The bat hits you. The bat misses you.
You take 1 damage, and have 3/9 hp.
You hit the bat.
The bat is moderately wounded.
The bat misses you.
You closely miss the quokka. The quokka misses you.
You hit the quokka but do no damage. The quokka closely misses you.
You hit the quokka.
The quokka is lightly wounded.
The quokka bites you but does no damage.
The quokka bites you.
Ouch! That really hurt!
You die...

#.#.#..# #..)#..#
#..#..# #.....# #.#
#######....####### #.#
b.....#..........# #.#
#............#
#.#.#######...########
#.#......@rb..........
#.##########..########
#.......#####.#
#.......)....>#
###†......#######
#....†....######
#....##........#
#....##........#
###....##[.......#


You could see a quokka and a bat.

Vanquished Creatures
  A giant cockroach (D:1)
  2 goblins (D:1)
  2 bats (D:1)
  A frilled lizard (D:1)
6 creatures vanquished.

Notes
Turn   | Place    | Note
-------+----------+-------------------------------------------
     0 | D:1      | jasper the Spriggan Enchanter began the quest for the Orb.
     0 | D:1      | Reached XP level 1. HP: 9/9 MP: 5/5
   167 | D:1      | Slain by a quokka

Illustrated notes

Levels and vault maps discovered:
D:1:      lemuel_arrival_hallway, layout_basic

Action                   || total
-------------------------++-------
Melee: Dagger            ||    33
 Stab: Sleeping          ||     2
Armor: Robe              ||     5
Dodge: Dodged            ||    33

Table legend: (Time is in decaauts)
 A = Elapsed time spent in this place.
 B = Non-inter-level travel time spent in this place.
 C = Inter-level travel time spent in this place.
 D = Time resting spent in this place.
 E = Time spent auto-exploring this place.
 F = Levels seen in this place.
 G = Mean time per level.
                   A        B        C        D        E       F      G
               +--------+--------+--------+--------+--------+-----+--------+
         Total |    127 |    127 |      0 |      0 |     43 |   1 |  127.0 |
       Dungeon |    127 |    127 |      0 |      0 |     43 |   1 |  127.0 |
               +--------+--------+--------+--------+--------+-----+--------+

Top non-repeatable levels by time:
     D:1: 127 daAuts
